 Dungeon Crawl Stone Soup version 0.17-a0-477-g451446c (webtiles) character file.

30 krae the Changer (level 3, 0/23 HPs)
             Began as an Octopode Transmuter on Apr 8, 2015.
             Slain by an adder (5 damage)
             ... on level 2 of the Dungeon.
             The game lasted 00:04:25 (1072 turns).

krae the Changer (Octopode Transmuter)              Turns: 1072, Time: 00:04:26

Health: 0/23       AC:  1    Str:  9    XL:     3   Next: 18%
Magic:  0/6        EV: 12    Int: 15    God:
Gold:   28         SH:  0    Dex: 13    Spells: 2 memorised, 3 levels left

rFire  . . .     SeeInvis .     b - 65 arrows
rCold  . . .     Clarity  .     (no shield)
rNeg   . . .     SustAb   .     (helmet restricted)
rPois  .         Gourm    .     (no amulet)
rElec  .         Spirit   .     (no ring)
rCorr  .         Warding  .     (no ring)
rMut   .         Stasis   .     (no ring)
MR     .....                    (no ring)
Stlth  ++........               (no ring)
                                (no ring)
                                (no ring)
                                (no ring)

@: lethally poisoned (0 -> -4), not resistant to hostile enchantments,
unstealthy
A: almost no armour, amphibious, 8 rings, constrict 8, camouflage 1, gelatinous
body 1
a: no special abilities


You were on level 2 of the Dungeon.
You were hungry.

You visited 1 branch of the dungeon, and saw 2 of its levels.

You collected 28 gold pieces.


Innate Abilities, Weirdness & Mutations

You cannot wear most types of armour.
You are amphibious.
You can wear up to eight rings at the same time.
You can use your tentacles to constrict eight enemies at once.
Your skin changes colour to match your surroundings (Stealth).
Your rubbery body absorbs attacks (AC +1).


   Skills:
 - Level 1.0 Fighting
 - Level 2.0 Dodging
 - Level 3.0 Unarmed Combat
 - Level 2.0 Spellcasting
 + Level 3.5 Transmutations


You had 3 spell levels left.
You knew the following spells:

 Your Spells              Type           Power        Failure   Level  Hunger
z - Beastly Appendage     Trmt           ##....       6%          1    #......
Z - Sticks to Snakes      Trmt           ##........   10%         2    ###....

Inventory:

Hand weapons
 k - a +1 hunting sling of velocity
Missiles
 b - 65 arrows (in tentacle)
Scrolls
 c - a scroll of teleportation {unknown}
 e - a scroll of blinking {unknown}
 g - a scroll of fear
Potions
 f - a potion of lignification {unknown}
 h - a potion of might {unknown}
 i - a potion of restore abilities
 j - a potion of resistance {unknown}
 l - a potion of agility {unknown}
Books
 d - a book of Changes
Comestibles
 a - a bread ration

Dungeon Overview and Level Annotations

Branches:
Dungeon (2/15)

Altars:

.... .. .......> .....##.
#...... #.....#.. #.#S..#
#........# ##.##.#
#........#######..##.##
#......%..............#
###......S.....##.###.##
........#S########.# ###.
..###.x.# #.##.... #..#..###
####....# #..#.# ##.....###
#....#######..##.##
#)...#.......###.#
######.......###### #.###
##..รท.....###....## .....
###..###...## ####..## .....
###...##......#######..#.......


You could see an adder and a friendly ball python.


Message History

Your ball python closely misses the adder.
Your ball python barely misses the adder.
The adder bites your ball python.
Your ball python is poisoned.
The adder poisons your ball python!
You feel sick. Something bites your ball python.
Your ball python dies!
You feel sick.
Drink which item? (? for menu, Esc to quit)
Okay, then.
Found a bread ration.
You feel sick. The adder closely misses you.
You feel sick. The adder bites you.
* * * LOW HITPOINT WARNING * * *
You are more poisoned.
The adder poisons you!
Your tentacles feel slithery!
Unknown command.
b - 66 arrows (in tentacle)
You create a snake!
The adder bites you.
* * * LOW HITPOINT WARNING * * *
The adder closely misses you.
* * * LOW HITPOINT WARNING * * *
You feel sick.
Drink which item? (? for menu, Esc to quit)
Okay, then.
* * * LOW HITPOINT WARNING * * *
You feel sick. The adder bites you.
You die...

Action                   || total
-------------------------++-------
Melee: Unarmed           ||    41
 Cast: Beastly Appendage ||     6
       Sticks to Snakes  ||     6
  Use: Potion            ||     2
       Scroll            ||     1
 Stab: Sleeping          ||     2

Vault maps used:
D:1:      dpeg_arrival_radiant

Notes
Turn   | Place    | Note
--------------------------------------------------------------
     0 | D:1      | krae, the Octopode Transmuter, began the quest for the Orb.
     0 | D:1      | Reached XP level 1. HP: 13/13 MP: 3/3
   114 | D:1      | Reached XP level 2. HP: 13/18 MP: 3/5
   118 | D:1      | Learned a level 2 spell: Sticks to Snakes
   362 | D:1      | Reached skill level 3 in Transmutations
   799 | D:2      | Reached XP level 3. HP: 3/23 MP: 0/6
   801 | D:2      | HP: 2/23 [poisoned by an adder]
  1072 | D:2      | Slain by an adder

Vanquished Creatures
  4 goblins (D:1)
  A hobgoblin (D:2)
  2 bats (D:1)
  3 giant cockroaches (D:1)
  6 giant newts
  5 kobolds (D:1)
  2 rats (D:1)
23 creatures vanquished.

Vanquished Creatures (collateral kills)
  An adder (D:2)
1 creature vanquished.

Grand Total: 24 creatures vanquished
